Unix NetHack Version 5.0.0-0 post-release - last build Jun 10 2026 00:39:30 (3ee93aec679c4c4259841fe613dc97188e26a321,branch:main).

Game began 2026-07-07 15:44:38, ended 2026-07-07 15:59:27.

FelixG3, chaotic male human Wizard

                                                   --------
                                  ---------        |.%.(..|
                                  |.......|        |......|
                                  |.......|        |......|
                               ###........| #      |......|
                               #  |.......|##      |......|
                       -----.- #  |......%-########.`......
                       ......B@#  ---------#       --------
                       |<....|##############
                       -------

FelixG3 the Conjurer      St:9 Dx:13 Co:18 In:18 Wi:10 Ch:9  Chaotic
Dlvl:4  $:43 HP:0(25) Pw:29(29) AC:9  Xp:3 T:893  Hungry  

Latest messages:
 THUD!
 You hear a muffled shatter.
 In what direction? 4
 You kick a locked large box.
 THUD!
 In what direction? 4
 You kick a locked large box.
 THUD!
 You break open the lock!
 In what direction? 4
 You kick a broken large box.
 THUD!
 You see here a broken large box.
 z - a parchment spellbook.
 Something is written here in the dust.
 You read: "ad ?cr?riun".
 The door opens.
 The gecko bites!
 You miss the gecko.
 You miss the gecko.
 The gecko bites!
 You miss the gecko.
 You miss the gecko.
 You kill the gecko!
 You see here a gecko corpse.
 You see here 7 gold pieces.
 $ - 7 gold pieces (43 in total).
 The door opens.
 The fox bites!
 The fox bites!
 The fox bites!
 The fox bites!
 The fox bites!
 You kill the fox!
 Welcome to experience level 3.
 You hear someone counting gold coins.
 You are beginning to feel hungry.
 The giant bat bites!
 The giant bat bites!
 You miss the giant bat.
 You hit the giant bat!
 The giant bat bites!
 The giant bat bites!
 The giant bat bites!
 You die...
 Do you want your possessions identified? [ynq] (y) y
 Do you want to see your attributes? [ynq] (y) y
 Do you want an account of creatures vanquished? [ynaq] (y) y
 Do you want to see your conduct and achievements? [ynq] (y) y
 Do you want to see the dungeon overview? [ynq] (y) y

Inventory:
 Coins    ('$')
  $ - 43 gold pieces
 Weapons  (')')
  a - a blessed +1 quarterstaff (weapon in hands)
 Armor    ('[')
  w - an uncursed +0 shield of shock resistance
  b - an uncursed +0 cloak of magic resistance (being worn)
  s - an uncursed +0 ring mail
 Scrolls  ('?')
  i - a blessed scroll of confuse monster
  j - 2 uncursed scrolls of create monster
  q - an uncursed scroll of identify
  v - a blessed scroll of light
  k - 2 uncursed scrolls of teleportation
 Spellbooks  ('+')
  z - an uncursed spellbook of create monster
  l - a blessed spellbook of force bolt
  m - an uncursed spellbook of protection
  p - an uncursed spellbook of wizard lock
 Potions  ('!')
  h - an uncursed potion of extra healing
  g - a blessed potion of gain level
  f - an uncursed potion of healing
  x - an uncursed potion of sickness
 Rings    ('=')
  d - an uncursed +1 ring of adornment
  e - an uncursed ring of polymorph control
 Wands    ('/')
  c - a wand of stasis (0:3)
 Tools    ('(')
  n - a magic marker (0:19)
 Gems/Stones  ('*')
  r - 2 uncursed worthless pieces of red glass
  o - 2 uncursed worthless pieces of yellowish brown glass

FelixG3 the Wizard's attributes:

Background:
 You were a Conjurer, a level 3 male human Wizard.
 You were chaotic, on a mission for Anhur
 who was opposed by Ptah (lawful) and Thoth (neutral).
 You were right-handed.
 You were in the Dungeons of Doom, on level 4.
 You entered the dungeon 893 turns ago.
 You had 43 experience points, 37 more were needed to attain level 4.

Basics:
 You had 0 out of 25 hit points.
 You had all 29 energy points (spell power).
 Your armor class was 9.
 Your wallet contained 43 zorkmids.
 Autopickup was off.

Final Characteristics:
 Your strength was 9 (limit:18/100).
 Your dexterity was 13 (limit:18).
 Your constitution was 18 (limit:18).
 Your intelligence was 18 (limit:18).
 Your wisdom was 10 (limit:18).
 Your charisma was 9 (limit:18).

Final Status:
 You were hungry.
 You were unencumbered.
 You were wielding a quarterstaff.
 You had basic skill with quarterstaff.

Final Attributes:
 You were devoutly aligned.
 You were magic-protected.
 You were warded.
 You are dead.

Miscellaneous:
 You didn't encounter any bones levels.
 Total elapsed playing time was 14 minutes and 43 seconds.

Major events:
 Turn
    1: FelixG3 the chaotic male human Wizard entered the dungeon
  862: attained the rank of Conjurer (level 3)
  893: killed by a giant bat

Spells:
 Name                 Level Category     Fail Retention
 force bolt             1   attack         0%  91%-100%
 protection             1   clerical       0%  76%-100%

Skills:
 Fighting Skills
   bare handed combat [Unskilled]
   riding             [Unskilled]
 Weapon Skills
   dagger             [Unskilled]
   knife              [Unskilled]
   axe                [Unskilled]
   short sword        [Unskilled]
   club               [Unskilled]
   mace               [Unskilled]
   quarterstaff       [Basic]
   polearms           [Unskilled]
   spear              [Unskilled]
   trident            [Unskilled]
   sling              [Unskilled]
   dart               [Unskilled]
   shuriken           [Unskilled]
 Spellcasting Skills
   attack spells      [Basic]
   healing spells     [Unskilled]
   divination spells  [Unskilled]
   enchantment spells [Basic]
   clerical spells    [Unskilled]
   escape spells      [Unskilled]
   matter spells      [Unskilled]

Voluntary challenges:
 Character rerolling was not enabled.
 You were an atheist.
 You were illiterate.
 You never genocided any monsters.
 You never polymorphed an object.
 You never changed form.
 You used no wishes.
Achievement:
 You attained the rank of Conjurer.

 The Dungeons of Doom: levels 1 to 4
    Level 1:
       A grave.
    Level 2:
       A fountain.
    Level 3:
    Level 4: <- You were here.
       Final resting place for
          you, killed by a giant bat.


Vanquished creatures:
  a werejackal
  2 geckos
  4 jackals
  a fox
  a kobold
  a goblin
  4 grid bugs
  a lichen
15 creatures vanquished.

No species were genocided or became extinct.

Game over:
                       ----------
                      /          \
                     /    REST    \
                    /      IN      \
                   /     PEACE      \
                  /                  \
                  |     FelixG3      |
                  |      43 Au       |
                  |   killed by a    |
                  |    giant bat     |
                  |                  |
                  |                  |
                  |       2026       |
                 *|     *  *  *      | *
        _________)/\\_//(\/(/\)/\//\/|_)_______

Goodbye FelixG3 the Wizard...

You died in The Dungeons of Doom on dungeon level 4 with 361 points,
and 43 pieces of gold, after 893 moves.
You were level 3 with a maximum of 25 hit points when you died.

